 Dungeon Crawl Stone Soup version 0.21.0-3-g78d12a8 (webtiles) character file.

64 Ignatius881 the Magician (level 3, 0/19 HPs)
             Began as a Deep Elf Wizard on Jan 11, 2018.
             Shot with a stone by a goblin (5 damage)
             ... on level 3 of the Dungeon.
             The game lasted 00:05:37 (2048 turns).

Ignatius881 the Magician (Deep Elf Wizard)          Turns: 2048, Time: 00:05:38

Health: 0/19       AC:  2    Str:  4    XL:     3   Next: 91%
Magic:  0/12       EV: 13    Int: 23    God:
Gold:   69         SH:  0    Dex: 13    Spells: 2/13 levels left

rFire    x . .     SeeInvis .   n - +0 dagger
rCold    + . .     Gourm    .   (no shield)
rNeg     . . .     Faith    .   a - +0 robe
rPois    .         Spirit   .   b - +0 hat
rElec    .         Reflect  .   (no cloak)
rCorr    .         Harm     .   (no gloves)
MR       .....                  (no boots)
Stlth    ++........             (no amulet)
HPRegen  0.06/turn              d - ring of ice
MPRegen  0.13/turn              (no ring)

@: no status effects
A: no striking features
a: no special abilities


You were on level 3 of the Dungeon.
You were not hungry.

You visited 1 branch of the dungeon, and saw 3 of its levels.

You collected 69 gold pieces.

Inventory:

Hand Weapons
 n - a +0 dagger (weapon)
   (You found it on level 3 of the Dungeon)
Missiles
 f - 115 stones (quivered)
Armour
 a - a +0 robe (worn)
 b - a +0 hat (worn)
Jewellery
 d - a ring of ice (left hand)
   (You found it on level 1 of the Dungeon)
 j - an uncursed ring of resist corrosion
   (You found it on level 2 of the Dungeon)
 k - an uncursed ring of poison resistance
   (You found it on level 2 of the Dungeon)
 l - an uncursed amulet of harm
   (You found it on level 2 of the Dungeon)
Scrolls
 g - a scroll of amnesia
 h - 3 scrolls of teleportation {@r4}
 m - a scroll of random uselessness {unknown}
 o - a scroll of remove curse {unknown}
Books
 c - a book of Minor Magic
Comestibles
 e - 7 rations
 i - 7 chunks of flesh


   Skills:
 - Level 2.4 Dodging
 - Level 2.4 Stealth
 * Level 5.6 Spellcasting
 + Level 2.8 Conjurations
 + Level 1.2 Summonings
 + Level 1.2 Translocations
 + Level 0.1 Fire Magic
 + Level 0.2 Poison Magic


You had 2 spell levels left.
You knew the following spells:

 Your Spells              Type           Power        Failure   Level  Hunger
a - Magic Dart            Conj           ###.         2%          1    None
b - Blink                 Tloc           N/A          8%          2    None
c - Call Imp              Summ           ##......     8%          2    None
d - Conjure Flame         Conj/Fire      ##......     14%         3    ##.....
e - Mephitic Cloud        Conj/Pois/Air  ##......     17%         3    ##.....


Dungeon Overview and Level Annotations

Branches:
Dungeon (3/15)

Altars:
Elyvilon
Nemelex Xobeh


Message History

The magic dart hits the goblin.
You kill the goblin!
The goblin shoots a stone.
The stone hits you.
Aim: a quokka The magic dart hits the quokka.
The goblin shoots a stone.
The stone closely misses you.
Aim: a quokka The magic dart hits the quokka.
Aim: a quokka (heavily wounded)
The magic dart hits the quokka.
The quokka misses you.
Aim: a quokka (heavily wounded)
The magic dart hits the quokka.
The quokka barely misses you.
Aim: a quokka (heavily wounded)
The magic dart hits the quokka.
The quokka bites you.
Aim: a quokka (heavily wounded)
The magic dart hits the quokka.
The quokka bites you.
* * * LOW HITPOINT WARNING * * *
The quokka closely misses you.
The goblin shoots a stone.
The stone closely misses you.
Aim: a quokka (severely wounded)
The magic dart hits the quokka.
The quokka closely misses you.
Aim: a quokka (almost dead)
The magic dart hits the quokka.
You kill the quokka!
The goblin unwields an uncursed hunting sling.
The goblin completely misses you.
The goblin wields an uncursed hunting sling.
The goblin shoots a stone.
The stone barely misses you.
Things that are here:
a hunting sling x2; a goblin skeleton
Aim: a goblin, wielding a hunting sling You throw a stone.
The stone hits the goblin but does no damage.
Aim: a goblin, wielding a hunting sling The magic dart hits the goblin.
The goblin unwields an uncursed hunting sling.
The goblin misses you.
Aim: a goblin (heavily wounded)
You throw a stone.
The stone hits the goblin but does no damage.
The goblin misses you.
Aim: a goblin (heavily wounded)
You throw a stone. The stone closely misses the goblin.
The goblin hits you.
* * * LOW HITPOINT WARNING * * *
The goblin wields an uncursed hunting sling.
The goblin shoots a stone.
The stone hits you.
* * * LOW HITPOINT WARNING * * *
You see here a stone.
The goblin shoots a stone.
The stone hits you.
You die...

#...........#
#####....###(#.##
.....>...###.#.# ..
.............#.# ...
#.###.#........# #..
#.......###.....#
##..##.###(#.####..#.#
..........(...........
........@.............
......................
≈≈.≈...(.)≈≈≈≈≈.≈≈≈.≈≈
≈≈≈≈≈..).≈≈≈≈≈≈≈≈≈≈≈
≈≈≈≈...g.≈≈≈≈≈≈≈≈≈≈≈
≈≈≈≈≈.((..≈≈≈≈≈≈≈≈≈≈
######''###########
#.... #.)..#


You could see a goblin.

Vanquished Creatures
  An adder (D:3)
  A dart slug (D:1)
  A worm (D:2)
  A leopard gecko (D:2)
  5 bats
  2 giant cockroaches
  11 goblins
  5 hobgoblins
  3 jackals (D:3)
  A quokka (D:3)
  5 frilled lizards
  2 kobolds (D:1)
  5 rats (D:1)
43 creatures vanquished.

Vanquished Creatures (collateral kills)
  A worm (D:2)
1 creature vanquished.

Grand Total: 44 creatures vanquished

Notes
Turn   | Place    | Note
-------+----------+-------------------------------------------
     0 | D:1      | Ignatius881 the Deep Elf Wizard began the quest for the Orb.
     0 | D:1      | Reached XP level 1. HP: 10/10 MP: 7/7
   306 | D:1      | Reached XP level 2. HP: 15/15 MP: 6/9
   335 | D:1      | Learned a level 2 spell: Blink
   338 | D:1      | Learned a level 2 spell: Call Imp
   631 | D:1      | Reached skill level 5 in Spellcasting
  1164 | D:2      | Reached XP level 3. HP: 19/19 MP: 7/11
  1200 | D:2      | Learned a level 3 spell: Conjure Flame
  1204 | D:2      | Learned a level 3 spell: Mephitic Cloud
  1204 | D:2      | Found a sparkling altar of Nemelex Xobeh.
  1843 | D:3      | Found a white marble altar of Elyvilon.
  2048 | D:3      | Shot with a stone by a goblin

Skill      XL: |  1  2 |
---------------+-------+-----
Conjurations   | 2 |  2.8
Spellcasting   | 5 |  5.6
Dodging        | |  2.4
Stealth        | |  2.4
Summonings     | |  1.2
Translocations | |  1.2
Fire Magic     | |  0.1
Poison Magic   | |  0.2

Action                   || total
-------------------------++-------
Throw: Stone             ||     3
 Cast: Magic Dart        ||   101
       Call Imp          ||     1
  Use: Scroll            ||     5
  Eat: Chunk             ||     3
Armor: Robe              ||     2
Dodge: Dodged            ||    22
